 Dungeon Crawl Stone Soup version 0.27-a0-1256-gced786f65e (webtiles) character file.

Game seed: 8783038850491323096

50 bande the Shield-Bearer (level 3, 21/21 HPs)
             Began as a Gargoyle Fighter on June 11, 2021.
             Quit the game on level 2 of the Dungeon.
             The game lasted 00:02:21 (1401 turns).

bande the Shield-Bearer (Gargoyle Fighter)          Turns: 1401, Time: 00:02:22

Health: 21/21      AC:  7    Str: 18 (19) XL:     3   Next: 79%
Magic:  3/3        EV:  7    Int:  8      God:
Gold:   16         SH:  9    Dex: 11 (12) Spells: 2/2 levels left

rFire    . . .     SeeInvis .   a - +0 war axe
rCold    . . .     Faith    .   c - +0 kite shield
rNeg     + . .     Spirit   .   b - +0 scale mail
rPois    ∞         Reflect  .   (no helmet)
rElec    +         Harm     .   (no cloak)
rCorr    .         Rampage  .   (no gloves)
Will     .....                  (no boots)
Stlth    ..........             (no amulet)
HPRegen  0.07/turn              (no ring)
MPRegen  0.08/turn              (no ring)

@: no status effects
A: sickness immunity, AC +3, negative energy resistance 1, electricity
resistance, torment resistance 1, petrification resistance, agile 1, deformed
body, frail 1
a: no special abilities


You were on level 2 of the Dungeon.
You visited 1 branch of the dungeon, and saw 2 of its levels.

You collected 16 gold pieces.

Inventory:

Hand Weapons
 a - a +0 war axe (weapon)
 h - a +0 war axe
Armour
 b - a +0 scale mail (worn)
 c - a +0 kite shield (worn)
Jewellery
 i - a ring of ice
Scrolls
 f - a scroll of identify
Potions
 d - a potion of might
 e - 2 potions of curing


   Skills:
 + Level 3.7 Fighting
 + Level 2.2 Axes
 + Level 3.9 Armour
 + Level 3.9 Shields


You had 2 spell levels left.
You didn't know any spells.
Your spell library was empty.

Dungeon Overview and Level Annotations

Branches:
Dungeon (2/15)

Altars:


Innate Abilities, Weirdness & Mutations

You are immune to sickness and miasma.
Your stone body is resilient. (AC +3)
You are immune to poison.
You resist negative energy. (rN+)
You are resistant to electric shocks. (rElec)
You are resistant to unholy torment.
You are immune to petrification.
You are agile. (Dex +2)
Armour fits poorly on your strangely shaped body.
You are frail. (-10% HP)


Message History

You block the slug dart.
You hit the dart slug.
You kill the dart slug!
No target in view!
No target in view!
No target in view!
No target in view!
You see here a dart slug corpse.
You see here 4 large rocks.
j - a ruby potion A hobgoblin comes into view.
The hobgoblin shouts!
Found 15 sling bullets.
The hobgoblin barely misses you.
You hit the hobgoblin but do no damage. You block the hobgoblin's attack.
The hobgoblin hits you but does no damage.
You hit the hobgoblin.
The hobgoblin is severely wounded.
You block the hobgoblin's attack.
You barely miss the hobgoblin.
The hobgoblin is severely wounded.
The hobgoblin closely misses you. x2
You closely miss the hobgoblin.
The hobgoblin is severely wounded.
The hobgoblin hits you but does no damage.
The hobgoblin barely misses you.
You barely miss the hobgoblin.
The hobgoblin is severely wounded.
The hobgoblin barely misses you.
You hit the hobgoblin.
You kill the hobgoblin!
As you read the scroll labelled LIRREU DUJOUTS, it crumbles to dust.
You feel strangely unstable.
It was a scroll of teleportation.
As you read the scroll of identify, it crumbles to dust.
j - a potion of mutation Really quaff the potion of mutation?
You feel extremely strange.
Your body twists and deforms.
You feel agile.
You feel frail.
Your surroundings suddenly seem different.
Are you sure you want to abandon this character and quit the game? (Confirm with "yes".)

...##....###..#..#
#.#.#..#### ##....#
#.....## #####....
###########.#####...#.###
#........)...............
#..........#..#...(......
#..........##.#†.......##
#..........##...........#
#.......@..#####.....##.#
#..........# #.......#.#
#..........# #.......#..
#..........# #.......###
#........>.# ##.....##
############ #...## . .
..


There were no monsters in sight!

Vanquished Creatures
  2 worms (D:2)
  3 dart slugs
  5 orcs (D:2)
  2 ball pythons (D:1)
  An endoplasm (D:1)
  3 hobgoblins
  2 jackals (D:1)
  3 quokkas
  A bat (D:2)
  4 frilled lizards
  2 goblins (D:1)
  2 kobolds
  A rat (D:1)
31 creatures vanquished.

Vanquished Creatures (others)
  A plant (D:1)
1 creature vanquished.

Grand Total: 32 creatures vanquished

Notes
Turn   | Place    | Note
-------+----------+-------------------------------------------
     0 | D:1      | bande the Gargoyle Fighter began the quest for the Orb.
     0 | D:1      | Reached XP level 1. HP: 14/14 MP: 1/1
   225 | D:1      | Reached XP level 2. HP: 18/19 MP: 2/2
   770 | D:2      | Reached XP level 3. HP: 13/24 MP: 3/3
  1400 | D:2      | Gained mutation: Armour fits poorly on your strangely
                  | shaped body. [potion of mutation]
  1400 | D:2      | Gained mutation: You are agile. (Dex +2) [potion of
                  | mutation]
  1400 | D:2      | Gained mutation: You are frail. (-10% HP) [potion of
                  | mutation]
  1401 | D:2      | Quit the game

Illustrated notes

Levels and vault maps discovered:
D:1:      lightli_arrival_statuegarden, layout_basic, minmay_split_cup_small
D:2:      layout_rooms, hellmonk_ecumenical_altar_inner_sanctum, hex_tiny

Skill      XL: |  1  2  3 |
---------------+----------+-----
Axes           | 2 |  2.2
Fighting       | |  3.7
Armour         | |  3.9
Shields        | |  3.9

Action                   || total
-------------------------++-------
Melee: War axe           ||   111
  Use: Scroll            ||     7
       Potion            ||     2
Armor: Scale mail        ||    77
Dodge: Dodged            ||    51
Block: Kite shield       ||    73

Table legend: (Time is in decaauts)
 A = Elapsed time spent in this place.
 B = Non-inter-level travel time spent in this place.
 C = Inter-level travel time spent in this place.
 D = Time resting spent in this place.
 E = Time spent auto-exploring this place.
 F = Levels seen in this place.
 G = Mean time per level.
                   A        B        C        D        E       F      G
               +--------+--------+--------+--------+--------+-----+--------+
         Total |   1472 |   1472 |      0 |    205 |    940 |   2 |  736.0 |
       Dungeon |   1472 |   1472 |      0 |    205 |    940 |   2 |  736.0 |
               +--------+--------+--------+--------+--------+-----+--------+

Top non-repeatable levels by time:
     D:1: 790 daAuts
     D:2: 681 daAuts
